 Dungeon Crawl Stone Soup version 0.19-a0-1827-g174f941 (webtiles) character file.

1084 Ijustatesigmund the Covert (level 8, -1/60 HPs)
             Began as a Spriggan Assassin on Oct 7, 2016.
             Was a Follower of Okawaru.
             Slain by a bullfrog (9 damage)
             ... on level 6 of the Dungeon.
             The game lasted 00:20:48 (6613 turns).

Ijustatesigmund the Covert (Spriggan Assassin)      Turns: 6613, Time: 00:20:49

Health: -1/60      AC:  5    Str: 12    XL:     8   Next: 8%
Magic:  9/9        EV: 23    Int: 14    God:    Okawaru [*.....]
Gold:   260        SH:  0    Dex: 18    Spells: 0 memorised, 7 levels left

rFire  . . .     SeeInvis +     a - +3 dagger
rCold  . . .     Gourm    .     y - +2 robe {Archmagi}
rNeg   . . .     Faith    .     (shield restricted)
rPois  .         Spirit   .     (helmet restricted)
rElec  .         Dismiss  .     h - +0 cloak
rCorr  .         Reflect  .     (gloves unavailable)
MR     +....     Harm     .     (boots unavailable)
Stlth  ..........               (no amulet)
                                (no ring)
                                d - ring of flight

@: berserking, very quick
A: unfitting armour, see invisible, herbivore 3, speed 3, slow metabolism 2
a: Heroism, Renounce Religion, Evoke Flight


You were on level 6 of the Dungeon.
You worshipped Okawaru.
Okawaru was aware of your devotion.
You were not hungry.

You visited 2 branches of the dungeon, and saw 8 of its levels.

You collected 260 gold pieces.

Inventory:

Hand Weapons
 a - a +3 dagger (weapon)
 b - a +0 blowgun
Missiles
 e - 18 poisoned needles
 r - 3 poisoned tomahawks (quivered)
Armour
 h - a +0 cloak (worn)
 q - a +0 buckler
 y - a +2 robe of the Archmagi (worn)
Jewellery
 d - a ring of flight (left hand)
 f - an uncursed ring of positive energy {unknown}
Wands
 A - a wand of random effects (15/48)
Scrolls
 c - 2 scrolls of fear
 m - a scroll of magic mapping
 n - a scroll of fog
 p - 2 scrolls of amnesia
 u - 2 scrolls of remove curse
 v - 2 scrolls of recharging
 x - a scroll of immolation
Potions
 i - 2 potions of haste
 k - 2 potions of agility
 l - a potion of brilliance {unknown}
 s - a potion of might {unknown}
 t - a potion of lignification {unknown}
 z - a potion of heal wounds {unknown}
Books
 B - a book of Ice

   Spells                             Type                      Level
   a - Ice Form                       Ice/Transmutation            4
   b - Metabolic Englaciation         Hexes/Ice                    5
   c - Ozocubu's Refrigeration        Ice                          6
   d - Bolt of Cold                   Conjuration/Ice              6
   e - Freezing Cloud                 Conjuration/Ice/Air          6
   f - Simulacrum                     Ice/Necromancy               6
Comestibles
 g - 2 bread rations


   Skills:
 - Level 3.0 Fighting
 - Level 4.2 Short Blades
 - Level 4.5 Throwing
 + Level 7.3 Dodging
 + Level 9.7 Stealth


You had 7 spell levels left.
You didn't know any spells.

Dungeon Overview and Level Annotations

Branches:
Dungeon (7/15)             Temple (1/1) D:5

Altars:
Ashenzari
Cheibriados
Dithmenos
Elyvilon
Fedhas
Gozag
Hepliaklqana
Kikubaaqudgha
Makhleb
Nemelex Xobeh
Okawaru
Qazlal
Ru
Sif Muna
Trog
Uskayaw
Vehumet
Xom
Yredelemnul
Zin
The Shining One


Innate Abilities, Weirdness & Mutations

You are very small and have problems with some larger weapons.
You are too small for most types of armour.
You have supernaturally acute eyesight. (SInv)
You are a herbivore.
You cover ground extremely quickly.
You need consume almost no food.


Message History

The bullfrog is lightly wounded.
You feel sick.
You are no longer poisoned.
Okay, then.
Wield which item (- for none, * to show all)? (? for menu, Esc to quit)
a - a +3 dagger (weapon)
A red film seems to cover your vision as you go berserk!
You feel yourself moving faster!
You feel mighty! The bullfrog misses you.
You hit the bullfrog.
The bullfrog is moderately wounded.
The bullfrog completely misses you.
You closely miss the bullfrog.
The bullfrog is moderately wounded.
The bullfrog completely misses you.
You barely miss the bullfrog.
The bullfrog is moderately wounded.
You hit the bullfrog.
The bullfrog is severely wounded.
The bullfrog hits you!
You die...

#######
####.....#############..
###.............@F.((.(.((
...[.......############..(
###.##.....# ....##.....#
..Y.##>..[.# .......
#.....####.## .......
####..## #..## ......[
##..####..#### ...>...
#...####....# .......


You could see a bullfrog.

Vanquished Creatures
  Sigmund (D:3)
  A sky beast (D:5)
  A centaur (D:6)
  A big kobold (D:4)
  Blork the orc (D:6)
  A bullfrog (D:6)
  2 scorpions
  2 hounds
  An orc priest (D:5)
  A jelly (D:7)
  2 orc wizards
  An iguana (D:5)
  5 worker ants
  A hound skeleton (D:5)
  A worker ant zombie (D:5)
  2 adders
  3 gnolls (D:6)
  An adder skeleton (D:6)
  2 worms
  3 leopard geckos
  7 orcs
  3 giant cockroaches
  2 goblins
  7 hobgoblins
  9 jackals
  15 kobolds
  2 quokkas
  7 bats
  4 frilled lizards
  6 rats
95 creatures vanquished.

Notes
Turn   | Place    | Note
-------+----------+-------------------------------------------
     0 | D:1      | Ijustatesigmund the Spriggan Assassin began the quest for the Orb.
     0 | D:1      | Reached XP level 1. HP: 10/10 MP: 2/2
    51 | D:1      | Reached skill level 6 in Stealth
   217 | D:1      | Reached XP level 2. HP: 13/14 MP: 3/3
  1556 | D:2      | Reached XP level 3. HP: 18/18 MP: 4/4
  1850 | D:3      | Noticed Sigmund
  2235 | D:4      | Noticed a scorpion
  2268 | D:4      | Killed a scorpion
  2268 | D:4      | Reached skill level 7 in Stealth
  2268 | D:4      | Reached XP level 4. HP: 15/22 MP: 5/5
  2891 | D:5      | Entered Level 5 of the Dungeon
  2908 | D:5      | Noticed a sky beast
  2910 | D:5      | Reached XP level 5. HP: 26/26 MP: 6/6
  2947 | D:5      | Killed a sky beast
  3108 | D:5      | Noticed a phantom
  3557 | D:4      | Reached XP level 6. HP: 26/32 MP: 7/7
  4577 | D:3      | Killed Sigmund
  4833 | D:4      | Reached XP level 7. HP: 34/36 MP: 8/8
  5002 | D:5      | Found a staircase to the Ecumenical Temple.
  5017 | Temple   | Entered the Ecumenical Temple
  5077 | Temple   | Became a worshipper of Warmaster Okawaru
  5356 | D:5      | Reached skill level 5 in Dodging
  5605 | D:6      | Reached skill level 8 in Stealth
  6042 | D:6      | Reached skill level 9 in Stealth
  6233 | D:6      | Noticed Blork the orc
  6238 | D:6      | Killed Blork the orc
  6238 | D:6      | Reached * piety under Okawaru
  6243 | D:6      | Reached XP level 8. HP: 32/40 MP: 9/9
  6613 | D:6      | Slain by a bullfrog

Vault maps used:
D:1:      dpeg_arrival_connections
D:2:      grunt_decor_mini_mirrors, small_statue_intersection
D:3:      first_bread, uniq_sigmund
D:4:      minivault_23
D:5:      kennysheep_big_empty_room, uniq_eustachio
D:6:      kennysheep_generic_room_7, uniq_blork_the_orc
D:7:      the_bakery
Temple:   dpeg_three_leaves_temple

Skill      XL: |  1  2  3  4  5  6  7 |
---------------+----------------------+-----
Stealth        | 6 7 9 |  9.7
Dodging        | 2 3 4 7 |  7.3
Short Blades   | 3 4 |  4.2
Fighting       | 2 3 |  3.0
Throwing       | 4 |  4.5

Action                   |  1- 3 |  4- 6 |  7- 9 || total
-------------------------+-------+-------+-------++-------
Melee: Dagger            |   154 |   105 |   300 ||   559
 Fire: Blowgun           |     8 |    40 |    46 ||    94
Throw: Tomahawk          |       |     9 |     7 ||    16
  Use: Scroll            |     9 |     1 |     3 ||    13
       Potion            |     1 |       |     1 ||     2
 Stab: Sleeping          |    13 |     5 |     3 ||    21
  Eat: Bread ration      |       |     1 |       ||     1
Armor: Robe              |    21 |    11 |    17 ||    49
       Skin              |       |     1 |       ||     1
Dodge: Dodged            |   126 |    84 |   276 ||   486
